 Dungeon Crawl Stone Soup version 0.27.1-2-g3b301248ec (webtiles) character file.

Game seed: 9691759882206852987

1588 pancakes the Insei (level 9, -5/63 HPs)
             Began as a Djinni Transmuter on Sept 26, 2021.
             Slain by an orc warrior (11 damage)
             ... on level 8 of the Dungeon.
             The game lasted 00:33:32 (6422 turns).

pancakes the Insei (Djinni Transmuter)              Turns: 6422, Time: 00:33:33

Health: -5/63      AC:  2    Str:  9    XL:     9   Next: 15%
Gold:   119        EV: 23    Int: 19    God:
                   SH:  0    Dex: 18

rFire    . . .     SeeInvis .     - Unarmed
rCold    . . .     Faith    .   (shield currently unavailable)
rNeg     . . .     Spirit   .   (armour currently unavailable)
rPois    ∞         Reflect  .   (helmet currently unavailable)
rElec    .         Harm     .   (cloak currently unavailable)
rCorr    .         Rampage  .   (gloves currently unavailable)
Will     .....                  (boots unavailable)
Stlth    ++........             (no amulet)
HPRegen  0.20/turn              (no ring)
MPRegen  0.00/turn              (no ring)

@: spider-form (expiring), wereblooded, flying, hasted, very quick
A: venomous fangs, flying, sickness immunity, tiny, (fire resistance 2), (cold
vulnerability 1), float, innate caster, hp casting, extra vitality 1
a: End Transformation


You were on level 8 of the Dungeon.
You were a venomous arachnid creature.
You visited 1 branch of the dungeon, and saw 6 of its levels.

You collected 119 gold pieces.

Inventory:

Hand Weapons
 a - a +1 short sword of venom (melded)
 i - a +0 scythe
 l - a +2 war axe of freezing
 w - a +0 hunting sling
Missiles
 b - 85 arrows
 e - 47 bolts
 q - 41 poisoned darts
 r - 18 sling bullets
 x - 31 stones
Armour
 c - a +0 leather armour
 s - a +0 kite shield
 v - a +0 helmet (melded)
 y - a +0 robe
 A - a +1 robe of willpower (melded)
 E - a +0 buckler
 F - a +1 robe of positive energy
Jewellery
 C - a ring of fire
 D - a ring of flight
Scrolls
 f - 2 scrolls of teleportation {unknown}
 g - a scroll of brand weapon {unknown}
 j - 2 scrolls of magic mapping {unknown}
 k - 4 scrolls of enchant armour {unknown}
 n - 2 scrolls of identify {unknown}
 u - a scroll of fear {unknown}
 B - a scroll of immolation
Potions
 h - a potion of curing {unknown}
 m - a potion of invisibility {unknown}
 o - a potion of brilliance {unknown}
 p - a potion of berserk rage {unknown}
 t - a potion of magic {unknown}
 z - a potion of flight {unknown}


   Skills:
 * Level 4.7 Fighting
 * Level 5.5 Dodging
 - Level 3.0 Stealth
 - Level 0.6 Shields
 * Level 6.8 Unarmed Combat
 * Level 3.8 Spellcasting


You couldn't memorise any spells.
You knew the following spells:

 Your Spells              Type           Power      Damage    Failure   Level
a - Ensorcelled Hibernat  Hex/Ice        36%        N/A       13%         2
b - Searing Ray           Conj           36%        3d4       13%         2
c - Spider Form           Tmut/Pois      9%         N/A       22%         3
d - Confusing Touch       Hex            18%        N/A       22%         3
s - Pain                  Necr           72%        1d7       10%         1
v - Ice Form              Ice/Tmut       18%        N/A       50%         4
x - Wereblood             Tmut           18%        N/A       13%         2
z - Beastly Appendage     Tmut           36%        N/A       10%         1
Your spell library was empty.

Dungeon Overview and Level Annotations

Branches:
Dungeon (5/15)
 Temple: D:4-7

Altars:
Qazlal
Ru
Sif Muna
Yredelemnul


Innate Abilities, Weirdness & Mutations

You are a venomous arachnid creature.
You have poisonous fangs.
You are tiny and dextrous.
You are flying.
Your spellcasting is less reliable in this form.
Your armour is entirely melded.
You are incapable of wielding weapons or throwing items.
You are immune to sickness and miasma.
You are immune to poison.
((Your flesh is very heat resistant. (rF++)))
((You are vulnerable to cold. (rC-)))
You float through the air rather than walking.
You learn spells naturally, not from books.
Your magical power is your life essence.
You have superior vitality. (+4 HP)


Message History

The elephant misses you. The elephant trunk-slaps you.
Casting: Spider Form (dangerous; 26% risk of failure)
Confirm with . or Enter, or press ? or * to list all spells.
Your blood is infused with primal strength.
A killer bee comes into view. x2
The elephant completely misses you. The elephant closely misses you.
The killer bee buzzes angrily.
You hit the elephant but do no damage.
The elephant looks as sick as possible!
The elephant is almost dead.
You hear an angry buzzing noise.
A killer bee comes into view. x2
The killer bee buzzes angrily.
You hit the elephant but do no damage.
The elephant looks as sick as possible!
The elephant is almost dead.
You hear a shout!
A killer bee comes into view.
The elephant tramples you!!
* * * LOW HITPOINT WARNING * * *
You are shoved backwards!
You closely miss the killer bee. The killer bee closely misses you.
The elephant tramples you!
* * * LOW HITPOINT WARNING * * *
You hold your ground!
The elephant trunk-slaps you.
* * * LOW HITPOINT WARNING * * *
The killer bee closely misses you.
It was a potion of haste.
You feel yourself speed up.
You feel a bit better.
You kill the elephant!
The killer bee completely misses you. x2
Your Dodging skill increases to level 5!
You have reached level 9!
Your experience leads to an increase in your attributes!
Your base attributes are Str 9, Int 18, Dex 13.
Increase (S)trength, (I)ntelligence, or (D)exterity?
You feel clever.
The power to cast Confusing Touch wells up from within.
Spell assigned to 'd'.
You bite the killer bee!
The killer bee is poisoned.
The killer bee is heavily wounded.
The orc warrior hits you with a +0 long sword!
You die...

.# ..(..Y.... ..#
...[.... ## ##.#
.......# ... ...###
......# .... ....#
.....# ..... ....
#..)##
#.yy#####.##.##..#.#
#..yysoh..##...o...#
#..y#####.##..#h####
#.. #.###.#.# ####
#. #.oo.#.Y# #>.. #
###.###†###.## #.##
##.##.##
##.###h###.##
##h#........
##)#####...


You could see an orc warrior, a black bear and 5 killer bees.

Vanquished Creatures
  An elephant (D:8)
  Sigmund (D:2)
  The ghost of babuloseo the Poker, an amateur HuMo (D:4)
  A sky beast (D:5)
  An orc warrior (D:4)
  2 black bears
  An ogre (D:5)
  A scorpion (D:5)
  An orc priest (D:3)
  A hound (D:4)
  A centaur skeleton (D:5)
  An iguana (D:5)
  Natasha (thrice) (D:2)
  2 orc wizards (D:5)
  2 hound skeletons (D:4)
  Robin (D:4)
  4 adders
  An ufetubus (D:5)
  2 worms
  5 dart slugs
  10 orcs
  9 bats
  10 endoplasms
  6 giant cockroaches
  8 hobgoblins
  2 jackals (D:2)
  7 kobolds
  2 quokkas
  8 ball pythons
  3 frilled lizards
  16 goblins
  7 rats
121 creatures vanquished.

Vanquished Creatures (others)
  2 fungi
  A plant (D:3)
3 creatures vanquished.

Grand Total: 124 creatures vanquished

Notes
Turn   | Place    | Note
-------+----------+-------------------------------------------
     0 | D:1      | pancakes the Djinni Transmuter began the quest for the Orb.
     0 | D:1      | Reached XP level 1. HP: 17/17 MP: 0/0
   335 | D:1      | Reached XP level 2. HP: 21/22 MP: 0/0
   699 | D:1      | Reached XP level 3. HP: 9/27 MP: 0/0
   699 | D:1      | Learned a level 1 spell: Pain
  1722 | D:2      | Noticed Sigmund
  2048 | D:2      | Reached XP level 4. HP: 20/33 MP: 0/0
  2228 | D:2      | Found a sacrificial altar of Ru.
  2534 | D:2      | Killed Sigmund
  2535 | D:2      | Reached skill level 1 in Stealth
  2535 | D:2      | Reached XP level 5. HP: 33/39 MP: 0/0
  2535 | D:2      | Learned a level 2 spell: Ensorcelled Hibernation
  2535 | D:2      | Reached XP level 6. HP: 38/45 MP: 0/0
  2637 | D:2      | Noticed Natasha
  2650 | D:2      | Killed Natasha
  2651 | D:2      | Reached skill level 4 in Unarmed Combat
  2735 | D:2      | Noticed Natasha
  2742 | D:2      | Killed Natasha
  2855 | D:2      | Noticed Natasha
  2863 | D:2      | Killed Natasha
  3003 | D:3      | Found a faded altar of an unknown god.
  3222 | D:3      | Reached skill level 5 in Unarmed Combat
  3707 | D:3      | Reached XP level 7. HP: 43/49 MP: 0/0
  3707 | D:3      | Learned a level 2 spell: Searing Ray
  3728 | D:3      | Found a sacrificial altar of Ru.
  3930 | D:4      | Noticed Robin
  3938 | D:4      | Killed Robin
  4841 | D:4      | Found a runed translucent door.
  4843 | D:4      | Noticed babuloseo's ghost (amateur HuMo)
  4886 | D:4      | Killed babuloseo's ghost
  5362 | D:5      | Entered Level 5 of the Dungeon
  5463 | D:5      | Reached XP level 8. HP: 20/56 MP: 0/0
  5470 | D:5      | Reached skill level 6 in Unarmed Combat
  6065 | D:5      | Found a basalt altar of Yredelemnul.
  6071 | D:5      | Found a stormy altar of Qazlal.
  6342 | D:5      | You are sucked into a shaft and drop 3 floors!
  6372 | D:8      | Noticed an elephant
  6407 | D:8      | Noticed a wyvern
  6421 | D:8      | Killed an elephant
  6422 | D:8      | Reached skill level 5 in Dodging
  6422 | D:8      | Reached XP level 9. HP: 5/63 MP: 0/0
  6422 | D:8      | Learned a level 3 spell: Confusing Touch
  6422 | D:8      | Slain by an orc warrior

Illustrated notes

Levels and vault maps discovered:
D:1:      eino_arrival_water_star, layout_basic
D:2:      layout_rooms, basic_altar, uniq_sigmund, uniq_natasha
D:3:      layout_basic, mainiacjoe_overflow_alcove_2,
          dreamdust_ecumenical_altar_grove
D:4:      layout_loops_ring, ebering_ghost_inner_flame, uniq_robin
D:5:      layout_loops_ring, led_sif_book, mainiacjoe_overflow_big_doors,
          kennysheep_generic_room_14
D:8:      layout_loops_cross, bloody_trog, david_lair_generic, uniq_psyche,
          uniq_maurice

Skill      XL: |  1  2  3  4  5  6  7  8 |
---------------+-------------------------+-----
Spellcasting   | 2 3 |  3.8
Fighting       | 2 3 4 |  4.7
Dodging        | 3 4 5 |  5.5
Stealth        | 1 2 3 |  3.0
Unarmed Combat | 5 6 |  6.8
Shields        | |  0.6

Action                   |  1- 3 |  4- 6 |  7- 9 || total
-------------------------+-------+-------+-------++-------
Melee: Unarmed           |   112 |   105 |   209 ||   426
       Headbutt          |    20 |     3 |     5 ||    28
       Punch             |     1 |       |       ||     1
       Short sword       |       |       |     5 ||     5
 Cast: Beastly Appendage |    23 |     9 |     7 ||    39
       Pain              |    11 |       |       ||    11
       Wereblood         |     3 |     3 |     7 ||    13
       Spider Form       |     2 |    10 |    21 ||    33
       Ensorcelled Hiber |       |       |     1 ||     1
       Searing Ray       |       |       |     1 ||     1
  Use: Potion            |       |       |     1 ||     1
 Stab: Sleeping          |     1 |     1 |     3 ||     5
Armor: Robe              |    17 |     6 |    12 ||    35
       Skin              |       |     1 |     8 ||     9
Dodge: Dodged            |    66 |    86 |   173 ||   325
